 Dungeon Crawl Stone Soup version 0.19.5 (webtiles) character file.

196 IRCMonkey the Charmwright (level 5, 0/36 HPs)
             Began as a High Elf Skald on Apr 8, 2017.
             Was a Believer of Cheibriados.
             Slain by Edmund
             ... wielding a +2 flail of draining
              (1 damage)
             ... on level 4 of the Dungeon.
             The game lasted 00:27:28 (3211 turns).

IRCMonkey the Charmwright (High Elf Skald)          Turns: 3211, Time: 00:27:28

Health: 0/36       AC:  5    Str: 16    XL:     5   Next: 45%
Magic:  7/9        EV: 13    Int: 19    God:    Cheibriados [**....]
Gold:   127        SH:  0    Dex: 19    Spells: 2 memorised, 5 levels left

rFire  . . .     SeeInvis .     h - +0 short sword
rCold  . . .     Gourm    .     t - +0 ring mail
rNeg   . . .     Faith    .     (no shield)
rPois  .         Spirit   .     (no helmet)
rElec  .         Reflect  .     (no cloak)
rCorr  .         Harm     .     (no gloves)
MR     .....                    (no boots)
Stlth  +.........               (no amulet)
                                (no ring)
                                e - +3 ring of evasion

@: infused, heavily drained, very slow
A: no striking features
a: Bend Time, Renounce Religion


You were on level 4 of the Dungeon.
You worshipped Cheibriados.
Cheibriados was pleased with you.
You were not hungry.

You visited 1 branch of the dungeon, and saw 4 of its levels.

You collected 127 gold pieces.

Inventory:

Hand Weapons
 h - a +0 short sword (weapon)
Missiles
 m - 5 bolts (quivered)
Armour
 t - a +0 ring mail (worn)
 v - a +0 robe
Jewellery
 e - a +3 ring of evasion (left hand)
Scrolls
 a - a scroll of fog
 b - a scroll of enchant weapon {unknown}
 f - 2 scrolls of teleportation {unknown}
 j - 2 scrolls of amnesia {unknown}
 k - 2 scrolls of identify
 o - a scroll of magic mapping {unknown}
 w - 2 scrolls of noise
 y - a scroll of remove curse {unknown}
 z - 2 scrolls of fear {unknown}
Potions
 g - a potion of berserk rage
 i - a potion of agility {unknown}
 p - a potion of flight
 q - a potion of resistance
 r - a potion of degeneration {unknown}
 s - a potion of curing {unknown}
 u - a potion of heal wounds {unknown}
Books
 c - a book of Battle

   Spells                             Type                      Level
   a - Infusion                       Charms                       1
   b - Shroud of Golubria             Charms/Translocation         2
   c - Song of Slaying                Charms                       2
   d - Spectral Weapon                Hexes/Charms                 3
   e - Regeneration                   Charms/Necromancy            3
Comestibles
 d - 2 bread rations
 n - 2 meat rations


   Skills:
 + Level 3.1(1.4) Fighting
 + Level 4.2(2.5) Short Blades
 + Level 2.2(0.6) Armour
 + Level 1.7(0.1) Dodging
 + Level 2.6(1.0) Spellcasting
 + Level 4.4(2.7) Charms
 + Level 0.7(0.0) Invocations


You had 5 spell levels left.
You knew the following spells:

 Your Spells              Type           Power        Failure   Level  Hunger
a - Infusion              Chrm           ##..         14%         1    ##.....
b - Regeneration          Chrm/Necr      #.........   67%         3    ####...


Dungeon Overview and Level Annotations

Branches:
Dungeon (4/15)
 Temple: D:4-7

Altars:
Cheibriados

Annotations:
D:4 Edmund


Message History

You barely miss Edmund.
Edmund is lightly wounded.
Edmund hits you with a flail of draining!
You feel drained.
You closely miss Edmund.
Edmund is lightly wounded.
Edmund hits you with a flail of draining.
You feel drained.
You closely miss Edmund.
Edmund is lightly wounded.
Edmund hits you with a flail of draining!
* * * LOW HITPOINT WARNING * * *
You feel drained.
* * * LOW HITPOINT WARNING * * *
You hit Edmund.
Edmund is lightly wounded.
Edmund hits you with a flail of draining.
* * * LOW HITPOINT WARNING * * *
You feel drained.
You die...

...........##
............#
....(.......#
............#
....(......#
.....(.....#
...........#
.......@...#
.......@...##
............#
.........##.#
........###.#
.........##.#
#...........#
##..........#
#..........##
##..........#


You could see Edmund.

Vanquished Creatures
  The ghost of nano the Sneak, an amateur KoEn (D:3)
  2 adders
  2 worms
  3 dart slugs
  A leopard gecko (D:3)
  An orc (D:3)
  2 giant cockroaches
  10 goblins
  12 hobgoblins
  2 jackals (D:1)
  5 kobolds
  A quokka (D:2)
  A ball python (D:1)
  9 bats
  2 frilled lizards
  A giant cockroach zombie (D:3)
  A rat (D:3)
56 creatures vanquished.

Notes
Turn   | Place    | Note
-------+----------+-------------------------------------------
     0 | D:1      | IRCMonkey the High Elf Skald began the quest for the Orb.
     0 | D:1      | Reached XP level 1. HP: 14/14 MP: 4/4
   294 | D:1      | Reached XP level 2. HP: 19/19 MP: 6/6
   500 | D:1      | Reached skill level 1 in Armour
   974 | D:2      | Reached XP level 3. HP: 24/24 MP: 7/7
   975 | D:2      | Found a faded altar of an unknown god.
   998 | D:2      | Became a worshipper of Cheibriados the Contemplative
   998 | D:2      | Reached * piety under Cheibriados
  1727 | D:3      | Noticed nano's ghost (amateur KoEn)
  1775 | D:3      | Killed nano's ghost
  1775 | D:3      | Reached XP level 4. HP: 13/30 MP: 1/8
  1775 | D:3      | Reached XP level 5. HP: 16/36 MP: 1/9
  2138 | D:3      | Learned a level 3 spell: Regeneration
  2380 | D:3      | Reached ** piety under Cheibriados
  3201 | D:4      | Noticed Edmund
  3211 | D:4      | HP: 1/36 [Edmund/flail of draining (2)]
  3211 | D:4      | Slain by Edmund

Skill      XL: |  1  2  3  4  5 |
---------------+----------------+-----
Charms         | 4 |  4.4
Armour         | 1 2 |  2.2
Short Blades   | 4 |  4.2
Fighting       | 3 |  3.1
Dodging        | |  1.7
Spellcasting   | |  2.6
Invocations    | |  0.7

Action                   |  1- 3 |  4- 6 || total
-------------------------+-------+-------++-------
Melee: Short sword       |   154 |    91 ||   245
 Cast: Infusion          |     2 |     1 ||     3
Invok: Bend Time         |     1 |     1 ||     2
  Use: Scroll            |       |     5 ||     5
  Eat: Chunk             |     1 |     1 ||     2
       Fruit             |       |     2 ||     2
Armor: Leather armour    |     3 |       ||     3
       Chain mail        |    25 |       ||    25
       Ring mail         |    22 |    19 ||    41
Dodge: Dodged            |    78 |    58 ||   136
